 Dungeon Crawl Stone Soup version 0.27.1-37-g7b29ead8ac (console) character file.

Game seed: 13103331496496746545

569470 grimtooth the Cryomancer (level 26, -7/211 HPs)
             Began as a Barachi Venom Mage on May 19, 2023.
             Was the Champion of Vehumet.
             Killed from afar by Nikola (58 damage)
             ... with an arc of chain lightning
             ... on level 1 of the Depths on May 24, 2023.
             The game lasted 11:48:34 (75261 turns).

grimtooth the Cryomancer (Barachi Venom Mage)      Turns: 75261, Time: 11:48:34

Health: -7/211     AC: 39    Str: 12    XL:     26   Next: 29%
Magic:  17/43      EV: 21    Int: 33    God:    Vehumet [******]
Gold:   2638       SH: 12    Dex: 15    Spells: 9/57 levels left

rFire    + . .     SeeInvis +   a - staff of conjuration
rCold    + + +     Faith    .   v - +2 buckler {AC+3}
rNeg     . . .     Spirit   .   g - +3 ice dragon scales
rPois    .         Reflect  +   M - +3 crown of Dyrovepreva {rElec Int+2 SInv}
rElec    +         Harm     .   T - +2 cloak {rC+}
rCorr    +         Rampage  .   l - +2 pair of gloves {archery}
Will     +....                  L - +2 pair of boots {Stlth+}
Stlth    +.........             z - amulet of reflection
HPRegen  0.45/turn              y - ring of Zyirghamu {rF++ rCorr Int+8 Stlth-, =R}
MPRegen  0.28/turn              m - ring of the Hare {EV+8}

@: studying Throwing, slow
A: amphibious, slowness 1, strong legs 2, +LOS, iridescent scales 2, screaming 1
}: 4/15 runes: barnacled, slimy, silver, gossamer
a: Hop, Renounce Religion


You were on level 1 of the Depths.
You worshipped Vehumet.
Vehumet was exalted by your worship.
You visited 10 branches of the dungeon, and saw 46 of its levels.
You also visited: Gauntlet, Ice Cave and Desolation.

You collected 7064 gold pieces.
You spent 4426 gold pieces at shops.

Inventory:

Missiles
 w - 11 curare-tipped darts (quivered)
 C - 2 boomerangs
 H - 11 throwing nets {=f}
 J - 630 stones
Armour
 g - +3 ice dragon scales (worn)
 l - a +2 pair of gloves of archery (worn)
 v - a +2 buckler of protection (worn)
 L - a +2 pair of boots of stealth (worn)
 M - the +3 crown of Dyrovepreva (worn) {rElec Int+2 SInv}
   (You found it in a Gauntlet)

   Int:       It affects your intelligence (+2).
   rElec:     It insulates you from electricity.
   SInv:      It lets you see invisible.
 T - a +2 cloak of cold resistance (worn)
Magical Staves
 a - a staff of conjuration (weapon)
 b - a staff of earth
Jewellery
 m - the ring of the Hare (right hand) {EV+8}
   (You found it in a Gauntlet)

   [ring of evasion]

   EV:        It affects your evasion (+8).
 n - the ring "Sojed" {rElec rPois Will++ Str-3 Slay+4}
   (You took it off a servant of whispers in the Desolation of Salt)

   [ring of slaying]

   Str:       It affects your strength (-3).
   Slay:      It affects your accuracy & damage with ranged weapons and melee
   (+4).
   rElec:     It insulates you from electricity.
   rPois:     It protects you from poison.
   Will:      It greatly increases your willpower.
 y - the ring of Zyirghamu (left hand) {rF++ rCorr Int+8 Stlth-, =R}
   (You found it in the Desolation of Salt)

   [ring of resist corrosion]

   Int:       It affects your intelligence (+8).
   rF:        It greatly protects you from fire.
   rCorr:     It protects you from acid and corrosion.
   Stlth:     It makes you less stealthy.
 z - an amulet of reflection (around neck)
 A - the ring "Mutaix" {Wiz Int+2}
   (You bought it in a shop on level 2 of the Orcish Mines)

   [ring of wizardry]

   It improves your spell success rate.
   Int:       It affects your intelligence (+2).
 S - the ring of Ru's Displeasure {Fly rF+ rCorr Int+7 Dex-2}
   (You took it off a deep elf sorcerer on level 3 of the Elven Halls)

   [ring of flight]

   Int:       It affects your intelligence (+7).
   Dex:       It affects your dexterity (-2).
   rF:        It protects you from fire.
   Fly:       It grants you flight.
   rCorr:     It protects you from acid and corrosion.
Wands
 e - a wand of iceblast (62)
 j - a wand of paralysis (29)
 B - a wand of polymorph (14)
 E - a wand of digging (17)
 R - a wand of acid (29)
 X - a wand of mindburst (77)
 Z - a wand of charming (24)
Scrolls
 h - 3 scrolls of vulnerability
 q - a scroll of summoning
 r - 4 scrolls of blinking
 s - 6 scrolls of fog
 x - 14 scrolls of teleportation
 D - 11 scrolls of fear
 P - 3 scrolls of silence
Potions
 c - 8 potions of brilliance
 d - 3 potions of cancellation
 k - 7 potions of haste
 p - 3 potions of invisibility
 t - 2 potions of heal wounds
 u - 14 potions of curing
 G - 3 potions of flight
 I - 6 potions of magic
 N - 3 potions of resistance
 W - 5 potions of might
 Y - 9 potions of ambrosia
Miscellaneous
 f - a phial of floods
 i - a box of beasts
 o - a phantom mirror
 K - a condenser vane
 O - a tin of tremorstones (2/2)


   Skills:
 - Level 18.0 Fighting
 - Level 10.5(12.3) Maces & Flails
 - Level 10.6(12.3) Staves
 - Level 15.0 Armour
 * Level 11.6 Dodging
 - Level 4.0 Stealth
 - Level 6.0 Shields
 - Level 16.0 Spellcasting
 - Level 12.0 Conjurations
 - Level 6.0 Hexes
 - Level 0.6 Summonings
 - Level 6.0 Transmutations
 - Level 21.0 Ice Magic
 - Level 6.0 Air Magic
 - Level 21.0 Earth Magic
 - Level 10.0 Poison Magic
 - Level 12.0 Evocations


You had 9 spell levels left.
You knew the following spells:

 Your Spells              Type           Power      Damage    Failure   Level
a - Sandblast             Erth           100%       2d20      0%          1
b - Poisonous Vapours     Pois/Air       100%       N/A       1%          2
c - Mephitic Cloud        Conj/Pois/Air  93%        N/A       1%          3
d - Shatter               Erth           52%        3d40*     28%         9
f - Freezing Cloud        Conj/Ice/Air   53%        6-21      1%          5
g - Bolt of Magma         Conj/Fire/Erth 49%        4d20      1%          5
h - Ozocubu's Refrigerat  Ice            52%        4d15      1%          7
j - Polar Vortex          Ice            52%        N/A       28%         9
r - Olgreb's Toxic Radia  Pois           75%        N/A       1%          4
t - Ignite Poison         Fire/Tmut/Pois 57%        N/A       1%          3

Your spell library contained the following spells:

 Spells                   Type           Power      Damage    Failure   Level
 Chain Lightning          Conj/Air       45%        3d60      100%        9
 Fire Storm               Conj/Fire      39%        8d10      100%        9
 Ozocubu's Armour         Ice            100%       N/A       0%          3
 Stone Arrow              Conj/Erth      100%       3d13      0%          3
 Corona                   Hex            66%        N/A       1%          1
 Foxfire                  Conj/Fire      100%       2x1d9     1%          1
 Magic Dart               Conj           100%       1d8       1%          1
 Shock                    Conj/Air       100%       1d9       1%          1
 Sting                    Tmut/Pois      100%       1d8       1%          1
 Ensorcelled Hibernation  Hex/Ice        100%       N/A       1%          2
 Passwall                 Tmut/Erth      71%        N/A       1%          2
 Conjure Flame            Conj/Fire      78%        6-21      1%          3
 Inner Flame              Hex/Fire       46%        N/A       1%          3
 Spider Form              Tmut/Pois      34%        N/A       1%          3
 Swiftness                Air            60%        N/A       1%          3
 Tukima's Dance           Hex            60%        N/A       1%          3
 Airstrike                Air            30%        N/A       1%          4
 Animate Armour           Summ/Erth      100%       N/A       1%          4
 Fulminant Prism          Conj/Hex       45%        3d21      1%          4
 Hailstorm                Conj/Ice       100%       3d20      1%          4
 Ice Form                 Ice/Tmut       86%        N/A       1%          4
 Iskenderun's Mystic Bla  Conj/Tloc      78%        2d16      1%          4
 Leda's Liquefaction      Hex/Erth       43%        N/A       1%          4
 Petrify                  Tmut/Erth      86%        N/A       1%          4
 Sticky Flame             Conj/Fire      78%        2d9       1%          4
 Irradiate                Conj/Tmut      45%        3d29      1%          5
 Iskenderun's Battlesphe  Conj           100%       2d15      1%          5
 Lee's Rapid Deconstruct  Erth           52%        3d26*     1%          5
 Lightning Bolt           Conj/Air       45%        1d65      1%          5
 Metabolic Englaciation   Hex/Ice        43%        N/A       1%          5
 Iron Shot                Conj/Erth      58%        9d11      1%          6
 Borgnjor's Vile Clutch   Necr/Erth      38%        N/A       2%          5
 Statue Form              Tmut/Erth      57%        N/A       3%          6
 Summon Small Mammal      Summ           100%       N/A       4%          1
 Fireball                 Conj/Fire      39%        3d16      4%          5
 Yara's Violent Unravell  Hex/Tmut       30%        3d13      4%          5
 Portal Projectile        Hex/Tloc       92%        N/A       5%          3
 Animate Skeleton         Necr           52%        N/A       6%          1
 Apportation              Tloc           52%        N/A       6%          1
 Pain                     Necr           100%       1d9       6%          1
 Alistair's Intoxication  Tmut/Pois      45%        N/A       6%          5
 Conjure Ball Lightning   Conj/Air       45%        3x3d16    6%          6
 Call Imp                 Summ           30%        N/A       7%          2
 Blink                    Tloc           N/A        N/A       9%          2
 Sublimation of Blood     Necr           13%        N/A       9%          2
 Eringya's Noxious Bog    Tmut/Pois      34%        N/A       10%         6
 Orb of Destruction       Conj           51%        9d16      11%         7
 Simulacrum               Ice/Necr       38%        N/A       12%         6
 Call Canine Familiar     Summ           30%        N/A       14%         3
 Blade Hands              Tmut           30%        N/A       14%         5
 Summon Lightning Spire   Summ/Air       48%        N/A       16%         4
 Vampiric Draining        Necr           13%        2d7       19%         3
 Starburst                Conj/Fire      39%        6d11      21%         6
 Invisibility             Hex            30%        N/A       61%         6
 Spellforged Servitor     Conj/Summ      40%        N/A       65%         7
 Excruciating Wounds      Necr           13%        N/A       86%         5
 Dragon Form              Tmut           30%        N/A       99%         7
 Shadow Creatures         Summ           N/A        N/A       100%        6
 Summon Hydra             Summ           15%        N/A       100%        7
 Ignition                 Fire           13%        3d6       100%        8
 Necromutation            Tmut/Necr      23%        N/A       100%        8


Dungeon Overview and Level Annotations

Branches:
Dungeon (15/15)            Temple (1/1) D:7            Lair (6/6) D:9
 Shoals (4/4) Lair:3       Spider (4/4) Lair:3        Slime (5/5) Lair:5
    Orc (2/2) D:12            Elf (3/3) Orc:2        Vaults (5/5) D:13
  Crypt (0/3) Vaults:3     Depths (1/5) D:15          IceCv (visited)
Desolation (visited)      Gauntlet (visited)

Altars:
Ashenzari
Cheibriados
Dithmenos
Elyvilon
Fedhas
Gozag
Hepliaklqana
Kikubaaqudgha
Makhleb
Nemelex Xobeh
Okawaru
Qazlal
Ru
Sif Muna
Trog
Uskayaw
Vehumet
Wu Jian
Xom
Yredelemnul
Zin
The Shining One
Beogh
Lugonu

Shops:
D:3 ?   D:4 !   D:13 (   D:14 [   Orc:1 ?**   Orc:2 ([*=   Elf:1 *!=   Elf:2 [
Shoals:1 (   Vaults:1 !==   Vaults:2 ?*:   Vaults:3 !   Vaults:4 ?
Depths:1 [[*

Portals:
Abyss: Lair:6
Trove: Elf:1 (lose all piety)

Annotations:
Elf:1 1 runed translucent door, Kazon's ghost, adept DDFi
Elf:2 3 runed translucent doors
Depths:1 Nikola


Innate Abilities, Weirdness & Mutations

You are amphibious.
You cover ground slowly.
You can hop long distances.
You have an extended range of vision and can be seen from far away.
You are mostly covered in iridescent scales. (AC +4)
You occasionally shout uncontrollably at your foes.


Message History

Press: ? - help, Shift-Dir - straight line, f/p - Nikola
Aim: Nikola, wielding a +3 rapier of electrocution, wearing a +0 cloak and wearing a +2 pair of gloves (severely wounded, 77% to hit)
You feel a surge of power!
The bolt of magma misses Nikola.
Nikola casts a spell.
Lightning arcs from Nikola's hands!
The bolt of lightning hits you!! You resist.
* * * LOW HITPOINT WARNING * * *
A bolt of lightning appears from out of thin air!
The bolt of lightning hits Nikola!
You hear a shout!
You hear an angry squeal.
You hear a horrible gurgling sound! x2
Press: ? - help, v - describe, . - travel
Here: Nikola, wielding a +3 rapier of electrocution, wearing a +0 cloak and wearing a +2 pair of gloves (severely wounded)
The floor.
Press: ? - help, v - describe, . - travel
Here: Nikola, wielding a +3 rapier of electrocution, wearing a +0 cloak and wearing a +2 pair of gloves (severely wounded)
The floor.
Aiming: Paralyse
Press: ? - help, Shift-Dir - straight line, f/p - Nikola
Aim: Nikola, wielding a +3 rapier of electrocution, wearing a +0 cloak and wearing a +2 pair of gloves (severely wounded, chance to affect: 4%)
Okay, then.
Aiming: Mindburst
Press: ? - help, Shift-Dir - straight line, f/p - Nikola
Aim: Nikola, wielding a +3 rapier of electrocution, wearing a +0 cloak and wearing a +2 pair of gloves (severely wounded, chance to affect: 19%)
Okay, then.
Casting: Bolt of Magma (mildly dangerous; 1% risk of failure)
Confirm with . or Enter, or press ? or * to list all spells.
Aiming: Bolt of Magma (mildly dangerous; 1% risk of failure)
Press: ? - help, Shift-Dir - straight line, f/p - Nikola
Aim: Nikola, wielding a +3 rapier of electrocution, wearing a +0 cloak and wearing a +2 pair of gloves (severely wounded, 77% to hit)
Okay, then.
Aiming: Corrosive Bolt
Press: ? - help, Shift-Dir - straight line, f/p - Nikola
Aim: Nikola, wielding a +3 rapier of electrocution, wearing a +0 cloak and wearing a +2 pair of gloves (severely wounded, 79% to hit)
Okay, then.
Unknown command.
You feel much better.
Nikola gestures wildly while chanting.
Lightning arcs from Nikola's hands!
The bolt of lightning hits you!!! You resist.
You die...

..# ...# #... #..# # ###..#
#. #....# #.###. ### #....#
.......#.####....#
.∩.∩.∩...[.......#
.......#.###.@...# #.###.
###...@...# #. ...#.
####..#.# ..#.. # #..#.#
..#.. .# #..#.# ..#.# .## #
#..#.## ..#.# ..#.# #>.#..#
..#.# ..#.# #..#..# ....#
.... #..#..## ...#
..########..#...#
..)###............#...##
...†††.................#####


You could see Nikola.

Vanquished Creatures
  Dissolution (Slime:3)
  the Royal Jelly (Slime:5)
  An ancient lich (Vaults:5)
  3 dread liches (Vaults:5)
  Margery (Vaults:2)
  A golden dragon (Vaults:5)
  Rupert (Lair:3)
  A tentacled monstrosity (Vaults:5)
  A lich (Depths:1)
  6 titans
  3 quicksilver dragons (Vaults:5)
  A kraken (Shoals:1)
  4 deep elf blademasters (Elf:3)
  20 acid blobs
  2 deep elf master archers (Elf:3)
  5 sphinxes
  9 tengu reavers
  Gastronok (Lair:3)
  Donald (Shoals:3)
  A storm dragon (Vaults:5)
  Kirke (Lair:5)
  Roxanne (Elf:2)
  3 shadow dragons (Vaults:5)
  2 fire giants
  8 rockslimes
  17 azure jellies
  The ghost of Notic the Earth Mage, a journeyman GrEE of Vehumet (Spider:3)
  2 iron dragons (Vaults:5)
  3 orc warlords
  4 frost giants
  7 deep elf sorcerers
  Aizul (Shoals:1)
  4 ghost moths
  7 emperor scorpions
  2 angels (Elf:1)
  6 vault wardens
  23 ironbound preservers
  4 deep elf elementalists (Elf:3)
  3 war gargoyles
  23 very ugly things
  6 stone giants
  9 quicksilver oozes
  Azrael (Spider:1)
  2 vampire knights (Vaults:3)
  A dire elephant (Vaults:4)
  5 entropy weavers
  9 deep elf demonologists
  12 deep elf annihilators
  2 minotaurs
  A spark wasp (Spider:2)
  4 halazid warlocks (Desolation)
  7 ettins
  An eidolon (Vaults:3)
  2 deep elf death magi (Elf:3)
  4 merfolk impalers (Shoals:4)
  3 merfolk javelineers
  3 crystal guardians
  An ettin (shapeshifter) (Vaults:5)
  A fire dragon (D:15)
  6 deep elf high priests
  6 ragged hierophants (Desolation)
  Josephine (Orc:1)
  6 great orbs of eyes
  16 yaktaur captains
  A jiangshi (Vaults:2)
  37 vault guards
  Fannar (D:10)
  15 hydras
  7 ironbound thunderhulks
  12 peacekeepers
  6 boulder beetles
  7 merfolk avatars
  3 catoblepae
  2 ice dragons
  9 servants of whispers (Desolation)
  Erica (Orc:1)
  24 centaur warriors
  4 merfolk aquamancers
  3 ogre magi (Vaults:5)
  10 ironbound frosthearts
  9 dancing weapons
  An alligator snapping turtle (Shoals:2)
  7 death yaks (Lair:6)
  3 satyrs
  4 two-headed ogres
  A vampire mage (Depths:1)
  2 deep troll earth magi (Vaults:5)
  2 tengu warriors
  3 ironbound beastmasters
  3 thrashing horrors (Lair:6)
  A titan zombie (Vaults:4)
  A shock serpent (shapeshifter) (Vaults:2)
  7 deep elf knights
  Nergalle (Lair:1)
  4 orc high priests
  Urug (Orc:2)
  8 hell knights
  7 sixfirhies (Gauntlet)
  11 skeletal warriors
  2 fire crabs
  A glowing orange brain (Slime:5)
  14 sea snakes
  9 deep elf archers
  9 wizards
  68 deep trolls
  An orange crystal statue (IceCv)
  A lindwurm (shapeshifter) (D:15)
  2 phantasmal warriors (Vaults:5)
  4 necromancers
  16 orc knights
  Pikel (D:5)
  25 ironbound convokers
  8 harpies
  26 deep elf pyromancers
  20 orb spiders
  A mana viper (shapeshifter) (D:14)
  3 lindwurms
  48 ugly things
  A stone giant zombie (Vaults:4)
  13 manticores
  23 deep elf zephyrmancers
  7 orc sorcerers
  9 cyclopes
  6 shining eyes
  30 wolf spiders
  14 fauns
  A moth of wrath (shapeshifter) (Vaults:5)
  6 moths of wrath
  An ice statue (D:14)
  13 merfolk sirens
  27 elephants
  An elephant (shapeshifter) (Vaults:5)
  A gargoyle (D:7)
  2 guardian serpents
  2 smoke demons (Lair:6)
  11 vault sentinels
  A storm dragon simulacrum (Vaults:4)
  11 cane toads
  11 water nymphs
  3 eyes of devastation
  3 black mambas
  7 torpor snails
  16 rime drakes
  An unseen horror (D:13)
  A komodo dragon (shapeshifter) (Vaults:2)
  3 kobold demonologists
  19 yaktaurs
  4 freezing wraiths
  9 komodo dragons
  A yaktaur (shapeshifter) (Vaults:5)
  9 demonic crawlers
  2 ancient zymes (Lair:6)
  A rime drake (shapeshifter) (Lair:6)
  A tengu conjurer (D:14)
  18 merfolk
  9 hornets
  3 meliai (Shoals:3)
  6 wind drakes
  17 polar bears
  48 saltlings (Desolation)
  5 trolls
  27 jumping spiders
  18 blink frogs
  145 slime creatures
  An iron dragon simulacrum (Vaults:3)
  5 dream sheep
  A vampire (D:11)
  A centaur simulacrum (D:14)
  2 air elementals
  11 snapping turtles
  A spriggan (Lair:6)
  69 redbacks
  9 water elementals
  46 yaks
  A shadow (D:12)
  32 tarantellas
  6 wraiths
  5 wyverns
  A ynoxinul (Lair:6)
  5 fire elementals
  2 chaos spawn (Lair:6)
  A human (Lair:5)
  3 fire bats (Gauntlet)
  13 golden eyes
  A steam dragon (D:8)
  8 basilisks
  18 vampire mosquitoes
  An acid dragon (shapeshifter) (Vaults:4)
  25 water moccasins
  Edmund (D:4)
  2 wargs (Orc:2)
  3 hell hounds (Spider:1)
  2 floating eyes
  3 black bears
  44 orc warriors
  2 ice beasts
  A sky beast (shapeshifter) (Lair:6)
  2 sky beasts (D:6)
  6 ogres
  3 necrophages
  12 wolves
  12 centaurs
  2 phantoms (D:5)
  A human zombie (Vaults:4)
  5 kobold brigands
  2 gnoll sergeants (D:8)
  8 bullfrogs
  A wyvern zombie (D:7)
  4 scorpions
  A glowing shapeshifter simulacrum (Vaults:3)
  2 earth elementals (Elf:1)
  A water moccasin zombie (D:5)
  A wyvern skeleton (D:5)
  17 killer bees
  3 wights (D:8)
  2 electric eels
  10 howler monkeys
  A centaur zombie (D:8)
  36 orc priests
  3 hounds
  2 jellies
  11 small abominations (Lair:6)
  3 bullfrog skeletons
  3 gnoll shamans
  Crazy Yiuf (D:7)
  An iguana (D:7)
  30 orc wizards
  Ijyb (D:3)
  A hound zombie (D:5)
  A hound skeleton (D:5)
  A howler monkey zombie (D:7)
  20 gnolls
  4 adders
  A shadow imp (D:5)
  3 white imps
  An ufetubus (D:5)
  An adder skeleton (D:5)
  3 worms
  A dart slug (D:1)
  94 orcs
  6 ball pythons
  3 bats
  An endoplasm (D:2)
  2 giant cockroaches
  5 hobgoblins
  5 jackals
  25 kobolds
  3 frilled lizards (D:1)
  5 goblins
  A rat (D:1)
  2 tentacles (Shoals:1)
2041 creatures vanquished.

Vanquished Creatures (collateral kills)
  Bai Suzhen (Spider:3)
  An ironbound preserver (Vaults:3)
  A wolf spider (Spider:2)
3 creatures vanquished.

Vanquished Creatures (others)
  A white draconian (IceCv)
  2 spark wasps
  An ironbound frostheart (IceCv)
  4 deep elf zephyrmancers
  2 deep elf pyromancers
  A manticore (Shoals:3)
  3 rime drakes (IceCv)
  A saltling (Desolation)
  A human (Lair:5)
  A water elemental (Elf:1)
  An orc warrior (Vaults:5)
  28 fulminant prisms
  45 fungi
  116 plants
  5 tentacles (Shoals:1)
212 creatures vanquished.

Grand Total: 2256 creatures vanquished

Notes
Turn   | Place    | Note
-------+----------+-------------------------------------------
     0 | D:1      | grimtooth the Barachi Venom Mage began the quest for the
                  | Orb.
     0 | D:1      | Reached XP level 1. HP: 13/13 MP: 3/3
   113 | D:1      | Found a faded altar of an unknown god.
   546 | D:1      | Reached XP level 2. HP: 17/19 MP: 0/5
   961 | D:1      | Learned a level 2 spell: Poisonous Vapours
  1432 | D:2      | Reached XP level 3. HP: 24/24 MP: 0/6
  2389 | D:3      | Found Ihies's Magic Scroll Boutique.
  2390 | D:3      | Noticed Ijyb
  2759 | D:3      | Bought a scroll of identify for 22 gold pieces
  2761 | D:3      | Identified a scroll of acquirement
  2777 | D:3      | Killed Ijyb
  2778 | D:3      | Reached skill level 5 in Poison Magic
  2778 | D:3      | Reached XP level 4. HP: 22/30 MP: 0/7
  3432 | D:3      | Learned a level 3 spell: Mephitic Cloud
  3471 | D:4      | Noticed Edmund
  3481 | D:4      | Killed Edmund
  3482 | D:4      | Reached skill level 1 in Conjurations
  3482 | D:4      | Reached skill level 1 in Air Magic
  3482 | D:4      | Reached XP level 5. HP: 27/35 MP: 8/8
  3590 | D:4      | Noticed a centaur
  3600 | D:4      | Killed a centaur
  3601 | D:4      | Reached XP level 6. HP: 11/41 MP: 10/10
  5048 | D:4      | Reached XP level 7. HP: 39/46 MP: 11/11
  5118 | D:4      | Found Cuotz's Distillery.
  5123 | D:4      | Bought a potion of curing for 30 gold pieces
  5143 | D:5      | Entered Level 5 of the Dungeon
  5170 | D:5      | Identified the +9 hand axe "Mokeom" {pain, rF+ Str+3}
  5943 | D:5      | Noticed Pikel
  5956 | D:5      | Killed Pikel
  5957 | D:5      | Reached XP level 8. HP: 38/57 MP: 13/13
  6828 | D:5      | Reached skill level 5 in Fighting
  7094 | D:5      | Reached skill level 5 in Conjurations
  7094 | D:5      | Reached XP level 9. HP: 68/68 MP: 15/15
  7340 | D:5      | Found a broken altar of Ashenzari.
  7512 | D:5      | - finally an altar
  7512 | D:5      | - but much as i love you ash....
  7663 | D:3      | Bought 2 scrolls of identify for 44 gold pieces
  7663 | D:3      | Bought a scroll of fear for 38 gold pieces
  7771 | D:6      | Found a basalt altar of Yredelemnul.
  7972 | D:6      | Reached skill level 1 in Armour
  8350 | D:6      | Noticed a komodo dragon
  8608 | D:6      | Killed a komodo dragon
  8628 | D:6      | Reached skill level 5 in Dodging
  8911 | D:6      | - crazy altar shortage
  8927 | D:6      | Learned a level 4 spell: Olgreb's Toxic Radiance
  9333 | D:7      | Found a staircase to the Ecumenical Temple.
  9339 | Temple   | Entered the Ecumenical Temple
  9346 | Temple   | Became a worshipper of Vehumet
  9386 | D:7      | Reached XP level 10. HP: 56/76 MP: 14/16
  9620 | D:7      | Reached skill level 10 in Poison Magic
  9622 | D:7      | Noticed a two-headed ogre
 10103 | D:7      | Noticed a gargoyle
 10169 | D:7      | Noticed a deep elf pyromancer
 10171 | D:7      | - wraith slime gargoyle pyromancer... what is this
 10185 | D:7      | Reached skill level 5 in Armour
 10216 | D:7      | Noticed a two-headed ogre
 10247 | D:8      | Reached skill level 5 in Spellcasting
 10249 | D:8      | Reached * piety under Vehumet
 10249 | D:8      | Offered knowledge of Freeze by Vehumet.
 10260 | D:7      | Noticed a two-headed ogre
 10274 | D:7      | Killed a two-headed ogre
 10613 | D:7      | Noticed a deep elf zephyrmancer
 10707 | D:6      | Reached skill level 1 in Maces & Flails
 11184 | D:7      | Noticed a cyclops
 11185 | D:7      | - oh a cyclops
 11343 | D:8      | Acquired a staff of conjuration
 11787 | D:8      | Found a hide-covered altar of Uskayaw.
 11950 | D:8      | Found an ancient bone altar of Kikubaaqudgha.
 11950 | D:8      | Found a sacrificial altar of Ru.
 12656 | D:7      | Found a shimmering blue altar of Sif Muna.
 13111 | D:7      | Noticed a wizard
 13112 | D:7      | - and a wizard is here... whatever vault this is kinda
                  | sucks
 13175 | D:4      | Bought a potion of curing for 30 gold pieces
 13175 | D:4      | Bought a potion of curing for 30 gold pieces
 13265 | D:3      | Bought a scroll of fog for 22 gold pieces
 13472 | D:9      | Reached skill level 5 in Maces & Flails
 13494 | D:9      | Reached skill level 5 in Air Magic
 13494 | D:9      | Reached XP level 11. HP: 11/81 MP: 20/20
 13644 | D:9      | Reached ** piety under Vehumet
 13645 | D:9      | Offered knowledge of Sandblast by Vehumet.
 13663 | D:9      | Learned a level 1 spell: Sandblast
 13954 | D:9      | Found a staircase to the Lair.
 14045 | D:9      | Found an iron altar of Okawaru.
 14127 | D:9      | Reached skill level 1 in Earth Magic
 14465 | D:10     | Entered Level 10 of the Dungeon
 14468 | D:10     | Noticed Fannar
 14558 | D:10     | Identified the +2 robe "Pogas" {Drain rC+ Int+7 SInv}
 15659 | D:11     | Noticed a boulder beetle
 15666 | D:11     | Noticed a two-headed ogre
 15677 | D:11     | Killed a boulder beetle
 15679 | D:11     | Killed a two-headed ogre
 15729 | D:11     | Noticed a seven-headed hydra
 15735 | D:11     | Noticed a six-headed hydra
 15739 | D:11     | Killed a seven-headed hydra
 15915 | D:11     | Killed a six-headed hydra
 16091 | D:11     | Reached skill level 5 in Earth Magic
 16222 | D:11     | Noticed a cyclops
 16242 | D:11     | Noticed a boulder beetle
 16265 | D:11     | Killed a boulder beetle
 16270 | D:11     | Reached XP level 12. HP: 70/88 MP: 14/21
 16918 | D:12     | Offered knowledge of Frozen Ramparts by Vehumet.
 16930 | D:12     | Found a staircase to the Orcish Mines.
 16930 | D:12     | Reached *** piety under Vehumet
 17152 | D:12     | Noticed a boulder beetle
 17162 | D:12     | Killed a boulder beetle
 17705 | D:9      | Offered knowledge of Fulminant Prism by Vehumet.
 17870 | D:8      | Learned a level 4 spell: Fulminant Prism
 18006 | D:7      | Killed a two-headed ogre
 18361 | D:7      | Found a runed translucent door.
 18362 | D:7      | Noticed Crazy Yiuf
 18425 | D:7      | Killed Crazy Yiuf
 18630 | D:7      | Killed a two-headed ogre
 18748 | Lair:1   | Entered Level 1 of the Lair of Beasts
 18877 | Lair:1   | Gained mutation: You can hop long distances. [Barachi
                  | growth]
 18877 | Lair:1   | Reached XP level 13. HP: 101/101 MP: 25/25
 19021 | Lair:1   | Noticed Nergalle
 19192 | Lair:1   | Reached **** piety under Vehumet
 19381 | Lair:1   | Offered knowledge of Freezing Cloud by Vehumet.
 19411 | Lair:1   | Learned a level 5 spell: Freezing Cloud
 19490 | Lair:1   | Reached skill level 1 in Ice Magic
 20223 | Lair:2   | You fall into a shaft and drop 1 floor!
 20333 | Lair:3   | Found a staircase to the Shoals.
 20340 | Lair:3   | Found a hole to the Spider Nest.
 20340 | Lair:3   | Noticed Gastronok
 20354 | Lair:3   | Killed Gastronok
 20355 | Lair:3   | Reached skill level 5 in Ice Magic
 20374 | Lair:3   | Found a gate leading to a gauntlet.
 20377 | Lair:3   | Noticed Rupert
 20379 | Lair:3   | - you would be right by my portal
 20387 | Gauntlet | Entered a Gauntlet
 20387 | Gauntlet | Found a transporter.
 20387 | Gauntlet | Found a runed translucent door.
 20387 | Gauntlet | Found a transporter.
 20387 | Gauntlet | Found a runed translucent door.
 20388 | Gauntlet | Found a transporter.
 20389 | Gauntlet | Found a transporter.
 20391 | Gauntlet | Found a transporter.
 20411 | Gauntlet | Found a transporter.
 20413 | Gauntlet | Found a transporter.
 20471 | Gauntlet | Found a transporter.
 20474 | Gauntlet | Found a transporter.
 20475 | Gauntlet | Found a transporter.
 20476 | Gauntlet | Noticed a quicksilver ooze
 20491 | Gauntlet | Found a transporter.
 20497 | Gauntlet | Found the ring of the Hare {EV+8}
 20504 | Gauntlet | Found a transporter.
 20532 | Gauntlet | Found a transporter.
 20539 | Gauntlet | Found a transporter.
 20676 | Gauntlet | Reached skill level 1 in Hexes
 20676 | Gauntlet | Reached skill level 1 in Evocations
 20927 | Gauntlet | Identified the +0 pair of boots of Compression {Rampage}
 21016 | Gauntlet | Noticed a minotaur
 21033 | Gauntlet | Killed a minotaur
 21132 | Gauntlet | Found the +3 crown of Dyrovepreva {rElec Int+2 SInv}
 21142 | Gauntlet | - nothin but armour
 21156 | Lair:3   | Paralysed by Rupert for 2 turns
 21186 | Lair:3   | Killed Rupert
 21187 | Lair:3   | Reached skill level 5 in Hexes
 21187 | Lair:3   | Reached skill level 5 in Evocations
 21187 | Lair:3   | Reached XP level 14. HP: 73/108 MP: 15/27
 21786 | Lair:3   | Reached ***** piety under Vehumet
 21801 | Lair:3   | Offered knowledge of Hailstorm by Vehumet.
 21807 | Lair:3   | Learned a level 4 spell: Hailstorm
 21811 | Lair:3   | Learned a level 3 spell: Ignite Poison
 21943 | Lair:3   | Reached skill level 1 in Staves
 23159 | Lair:4   | Reached skill level 10 in Spellcasting
 23591 | Lair:5   | Noticed Kirke
 23598 | Lair:5   | Noticed Sonja
 23602 | Lair:5   | Killed Kirke
 23603 | Lair:5   | Noticed Sonja
 23603 | Lair:5   | Sonja changed into Sonja the fire crab
 23611 | Lair:5   | Killed Sonja the fire crab
 23804 | Lair:5   | Found a staircase to the Slime Pits.
 24094 | Lair:5   | Reached skill level 5 in Staves
 24342 | Lair:6   | Entered Level 6 of the Lair of Beasts
 24463 | Lair:6   | Reached XP level 15. HP: 110/113 MP: 30/30
 24513 | Lair:6   | Reached skill level 1 in Shields
 24933 | Lair:6   | Offered knowledge of Bolt of Magma by Vehumet.
 24940 | Lair:6   | Learned a level 5 spell: Bolt of Magma
 25484 | Lair:6   | Reached skill level 5 in Transmutations
 25741 | Lair:6   | Reached skill level 5 in Shields
 26142 | Lair:6   | Found a corrupted altar of Lugonu.
 26142 | Lair:6   | Found a one-way gate to the infinite horrors of the Abyss.
 26146 | Lair:6   | Identified the +0 scale mail of Sach {Contam +Inv Int+2
                  | Dex+4}
 26517 | Lair:1   | Killed Nergalle
 26709 | Orc:1    | Entered Level 1 of the Orcish Mines
 26709 | Orc:1    | Found Viacvol's Assorted Antiques.
 26804 | Orc:1    | Noticed Josephine
 26896 | Orc:1    | Found Jiripeh's Magic Scroll Boutique.
 26922 | Orc:1    | Killed Josephine
 26982 | Orc:1    | Bought a scroll of teleportation for 36 gold pieces
 27023 | Orc:1    | Found Vail's General Store.
 27092 | Orc:2    | Entered Level 2 of the Orcish Mines
 27245 | Orc:1    | Noticed Erica
 27395 | Orc:2    | Found a staircase to the Elven Halls.
 27543 | Orc:2    | Offered knowledge of Starburst by Vehumet.
 27761 | Orc:2    | Noticed Urug
 27849 | Orc:2    | Noticed an orc warlord
 27869 | Orc:2    | Killed an orc warlord
 27870 | Orc:2    | Reached XP level 16. HP: 120/120 MP: 32/32
 28459 | Orc:2    | Offered knowledge of Spellforged Servitor by Vehumet.
 28460 | Orc:2    | - hey i was just about to take starburst
 28659 | Orc:2    | Found Lyamuh's Antique Armour Shoppe.
 28660 | Orc:2    | Found Pomu Pie's Antique Weapon Emporium.
 28663 | Orc:2    | Found Pegianky's General Store.
 28663 | Orc:2    | Found Ziafeyja's Jewellery Shoppe.
 28994 | Orc:2    | Killed Urug
 29046 | Orc:1    | Bought a viscous blue potion for 25 gold pieces
 29046 | Orc:1    | Bought 2 fuming ruby potions for 50 gold pieces
 29056 | Orc:1    | Bought a scroll of identify for 24 gold pieces
 29056 | Orc:1    | Bought a scroll of identify for 24 gold pieces
 29056 | Orc:1    | Bought a scroll of teleportation for 36 gold pieces
 29056 | Orc:1    | Bought a scroll of fear for 42 gold pieces
 29056 | Orc:1    | Bought a scroll of fear for 42 gold pieces
 29056 | Orc:1    | Bought a scroll of identify for 24 gold pieces
 29056 | Orc:1    | Bought a scroll of identify for 24 gold pieces
 29141 | Orc:2    | Bought a pair of faintly humming boots for 256 gold pieces
 29141 | Orc:2    | Identified the +0 pair of boots of a treasure trove {MP+9}
                  | (You bought it in a shop on level 2 of the Orcish Mines)
 29141 | Orc:2    | Bought a pair of jewelled boots for 256 gold pieces
 29141 | Orc:2    | Identified the -5 pair of boots of Gaphukupt {rN+ Will++}
                  | (You bought it in a shop on level 2 of the Orcish Mines)
 29148 | Orc:2    | Acquired the Reference Book on Ashen Attacks
 29229 | Orc:1    | Bought a wand of paralysis (8) for 56 gold pieces
 29329 | D:10     | Killed Fannar
 29504 | Orc:1    | Killed Erica
 29940 | D:13     | Reached skill level 10 in Fighting
 30196 | D:13     | Found a gate to the Vaults.
 30468 | D:13     | Identified the +9 dagger "Dily" {holy, rElec rC+}
 30483 | D:13     | You fall into a shaft and drop 2 floors!
 30483 | D:15     | Entered Level 15 of the Dungeon
 30536 | D:13     | Found Fousaami's Weapon Boutique.
 31144 | D:14     | Found Joji's Armour Boutique.
 32923 | D:15     | Found a staircase to the Depths.
 33496 | D:13     | Learned a level 7 spell: Spellforged Servitor
 33654 | Spider:1 | Entered Level 1 of the Spider Nest
 33664 | Spider:1 | Reached XP level 17. HP: 133/133 MP: 34/34
 34380 | Spider:1 | Reached ****** piety under Vehumet
 34679 | Spider:2 | Reached skill level 10 in Evocations
 34682 | Spider:2 | Offered knowledge of Conjure Ball Lightning by Vehumet.
 35453 | Spider:3 | Noticed Notic's ghost (journeyman GrEE)
 35470 | Spider:3 | Offered knowledge of Ozocubu's Refrigeration by Vehumet.
 35601 | Spider:3 | Found a transporter.
 35603 | Spider:3 | Found a transporter.
 35648 | Spider:3 | Noticed Bai Suzhen
 35882 | Spider:3 | Killed Bai Suzhen
 36117 | Spider:4 | Entered Level 4 of the Spider Nest
 36782 | Spider:4 | Learned a level 7 spell: Ozocubu's Refrigeration
 36876 | Spider:4 | Reached skill level 15 in Spellcasting
 36967 | Spider:4 | Reached XP level 18. HP: 117/140 MP: 37/37
 37226 | Spider:4 | Offered knowledge of Ignition by Vehumet.
 37827 | Spider:4 | Got a gossamer rune of Zot
 38623 | Shoals:1 | Entered Level 1 of the Shoals
 38787 | Shoals:1 | Noticed Aizul
 39498 | Shoals:2 | Found a frozen archway.
 39533 | IceCv    | Entered an ice cave
 40165 | IceCv    | Got the Handbook of the Gliding Oath
 40324 | IceCv    | Reached skill level 15 in Fighting
 40990 | IceCv    | Offered knowledge of Fire Storm by Vehumet.
 40990 | IceCv    | Offered knowledge of Chain Lightning by Vehumet.
 40990 | IceCv    | Offered knowledge of Polar Vortex by Vehumet.
 42365 | Shoals:3 | Noticed Donald
 42457 | Shoals:3 | Found a hide-covered altar of Uskayaw.
 42473 | Shoals:3 | Identified the +5 fustibalus of Painful Death {vorpal,
                  | rPois Int+5}
 42617 | Shoals:3 | Reached XP level 19. HP: 144/155 MP: 38/38
 43358 | Shoals:3 | Reached skill level 10 in Staves
 43674 | Shoals:4 | Entered Level 4 of the Shoals
 44248 | Shoals:4 | Got a barnacled rune of Zot
 45585 | Shoals:4 | Identified the +11 flail of Descent {vamp, rN+ MP+9 Stlth-}
 45838 | Shoals:4 | Identified the +0 robe of Gallantry {rF+ Int+5 Stlth-}
 45961 | Shoals:3 | Killed Donald
 46066 | Shoals:1 | Killed Aizul
 46074 | Shoals:1 | Found Hetety's Weapon Shoppe.
 46601 | Vaults:1 | Entered Level 1 of the Vaults
 46622 | Vaults:1 | Paralysed by a sphinx for 7 turns
 46632 | Vaults:1 | Paralysed by a sphinx for 4 turns
 46855 | Vaults:1 | Reached skill level 10 in Ice Magic
 47037 | Vaults:1 | Reached XP level 20. HP: 148/170 MP: 39/39
 47165 | Vaults:1 | Found Asio's Jewellery Boutique.
 47778 | Vaults:1 | Found Sacs's Jewellery Shop.
 48018 | Vaults:1 | Found Fojue's Distillery.
 48148 | Vaults:1 | Found Todet's Distillery.
 48357 | Vaults:1 | Found Maghuas's Jewellery Shoppe.
 48720 | Vaults:2 | Found Fap Ejafi's Magic Scroll Boutique.
 48764 | Vaults:2 | Noticed Margery
 48772 | Vaults:2 | Reached skill level 15 in Ice Magic
 48778 | Vaults:2 | Killed Margery
 49486 | Vaults:2 | You fall into a shaft and drop 2 floors!
 49487 | Vaults:4 | - always when you think you really rollin now
 50448 | Vaults:4 | Reached XP level 21. HP: 147/177 MP: 40/40
 50807 | Vaults:4 | Found Mang's Magic Scroll Shoppe.
 51017 | Vaults:3 | Found Axkorph's Distillery.
 51422 | Vaults:3 | Bought a potion of heal wounds for 80 gold pieces
 51422 | Vaults:3 | Bought a potion of heal wounds for 80 gold pieces
 52847 | Vaults:2 | Found Monaric's Book Boutique.
 52893 | Vaults:2 | Found Wipnot's General Store.
 53784 | Vaults:3 | Reached skill level 10 in Conjurations
 53915 | Vaults:3 | Reached XP level 22. HP: 79/184 MP: 41/41
 54615 | Vaults:3 | Identified the +7 great mace "Dyzagg" {vorpal, SInv}
 54871 | Vaults:3 | Found a staircase to the Crypt.
 56091 | Orc:2    | Bought a ring of willpower for 375 gold pieces
 56102 | Orc:2    | Learned a level 9 spell: Polar Vortex
 56160 | Elf:1    | Entered Level 1 of the Elven Halls
 56349 | Elf:1    | Found a white marble altar of Elyvilon.
 56349 | Elf:1    | Found a glowing silver altar of Zin.
 56350 | Elf:1    | Found a glowing golden altar of the Shining One.
 56351 | Elf:1    | Found a crumbling gateway.
 56352 | Elf:1    | - that's a new one
 56521 | Desolati | Entered the Desolation of Salt
 56866 | Desolati | Reached skill level 10 in Earth Magic
 56951 | Desolati | Identified the ring "Sojed" {rElec rPois Will++ Str-3
                  | Slay+4}
 57502 | Desolati | Identified the +6 hunting sling of Muthomet {freeze, Fly
                  | Will+ Str+3 Dex+4}
 57509 | Desolati | Got the Compendium of Hurtful Companions
 57510 | Desolati | Identified the +5 scimitar of Heomn {vorpal, rPois Str+4
                  | Int+3 Dex+3}
 57718 | Desolati | Identified the +5 dagger of Kecsiek {freeze, Int+2}
 57727 | Desolati | Identified the +8 great mace "Murchaep" {drain, *Corrode
                  | rPois Will+}
 57852 | Desolati | Identified the ring of Zyirghamu {rF++ rCorr Int+8 Stlth-}
 57854 | Desolati | - NICE
 57854 | Desolati | Identified the ring of the Echidna {MP-9 EV+4 Dex+7 Stlth+}
 57859 | Desolati | Identified the ring "Jait" {rN+ Will+ rCorr Str+2 Stlth+}
 58070 | Desolati | Identified the +10 rapier "Bonipaho" {holy, *Slow rElec
                  | Will+}
 58638 | D:3      | Bought a scroll of fog for 22 gold pieces
 58728 | D:4      | Bought a potion of brilliance for 40 gold pieces
 58728 | D:4      | Bought 2 potions of cancellation for 160 gold pieces
 58950 | Orc:2    | Bought a potion of heal wounds for 70 gold pieces
 58950 | Orc:2    | Bought a scroll of teleportation for 42 gold pieces
 59044 | Orc:1    | Bought a potion of curing for 42 gold pieces
 59044 | Orc:1    | Bought 2 scrolls of blinking for 210 gold pieces
 59067 | Orc:1    | Bought a wand of mindburst (15) for 112 gold pieces
 59586 | Elf:1    | Got the Handbook of Conjuration
 59622 | Elf:1    | Found Iri Dor's Distillery.
 59624 | Elf:1    | Found Ikoblepo's Jewellery Boutique.
 59693 | Elf:1    | Found Testroshi's General Store.
 59762 | Elf:1    | Found a runed translucent door.
 59820 | Elf:1    | Noticed Kazon's ghost (adept DDFi)
 60020 | Elf:1    | Found a portal to a secret trove of treasure.
 60100 | Elf:2    | Paralysed by an air elemental for 1 turns
 60217 | Elf:2    | Found Asaer's Antique Armour Shop.
 60499 | Elf:2    | Found a runed translucent gate.
 60500 | Elf:2    | Found a runed translucent gate.
 60500 | Elf:2    | Found a runed translucent gate.
 60547 | Elf:2    | Identified Roxanne's Papyrus of Changing
 60547 | Elf:2    | Noticed Roxanne
 60662 | Elf:3    | Entered Level 3 of the Elven Halls
 60672 | Elf:3    | Reached XP level 23. HP: 173/190 MP: 43/43
 61299 | Elf:3    | Identified the +9 morningstar of Cowardice {holy, rF+ rC-
                  | Dex+3}
 61596 | Elf:3    | Identified the +6 short sword "Kyptocil" {vorpal, rC+ rN+
                  | Int+2}
 61596 | Elf:3    | Identified the ring "Nivyzu Hisi" {AC+4 Dex+4 Stlth+}
 61623 | Elf:3    | Identified the +9 plate armour "Sutuex" {SInv}
 61652 | Elf:3    | Identified the +6 falchion "Hiunkuf" {venom, rElec}
 61652 | Elf:3    | Identified the ring of Ru's Displeasure {Fly rF+ rCorr
                  | Int+7 Dex-2}
 62703 | Elf:3    | Got Wistuag's Almanac of the Traveller and Venom
 62858 | Elf:2    | Bought a shiny buckler for 225 gold pieces
 62858 | Elf:2    | Bought a pair of runed boots for 225 gold pieces
 63303 | Slime:1  | Entered Level 1 of the Pits of Slime
 63486 | Slime:1  | Gained mutation: Armour fits poorly on your strangely
                  | shaped body. [a shining eye]
 63774 | Slime:2  | Reached skill level 15 in Earth Magic
 63922 | Slime:2  | Paralysed by a great orb of eyes for 7 turns
 64157 | Slime:3  | Noticed Dissolution
 64160 | Slime:3  | Gained mutation: You are partially covered in iridescent
                  | scales. (AC +2) [a shining eye]
 64162 | Slime:3  | Killed Dissolution
 64336 | Slime:3  | Reached XP level 24. HP: 197/197 MP: 32/43
 64849 | Slime:4  | Reached skill level 10 in Armour
 64919 | Slime:4  | Gained mutation: You sometimes lose the ability to read
                  | scrolls when taking damage. [a shining eye]
 64921 | Slime:4  | - oh you shiners
 65133 | Lair:6   | Lost mutation: Armour fits poorly on your strangely shaped
                  | body. [potion of mutation]
 65133 | Lair:6   | Lost mutation: You sometimes lose the ability to read
                  | scrolls when taking damage. [potion of mutation]
 65133 | Lair:6   | Gained mutation: You occasionally shout uncontrollably at
                  | your foes. [potion of mutation]
 65133 | Lair:6   | Gained mutation: You are mostly covered in iridescent
                  | scales. (AC +4) [potion of mutation]
 65134 | Lair:6   | - hmmm
 65428 | Slime:5  | Entered Level 5 of the Pits of Slime
 65444 | Slime:5  | Paralysed by a floating eye for 3 turns
 65927 | Slime:5  | Noticed the Royal Jelly
 65939 | Slime:5  | Killed the Royal Jelly
 66325 | Slime:5  | Identified the ring of Moral Flaws {Fly rCorr}
 66360 | Slime:5  | Identified the ring "Koemoj" {rElec EV+4 Int+5}
 66415 | Slime:5  | Identified the ring "Taest" {rN+ SInv}
 66458 | Slime:5  | Identified the amulet of Amiloxi {Reflect rF++ Will- Str+6
                  | SH+5}
 66479 | Slime:5  | Identified the +0 pair of boots of the Constellations
                  | {-Cast rPois Str+6 Int-4}
 66514 | Slime:5  | Got a slimy rune of Zot
 67074 | Spider:3 | Killed Notic's ghost
 67305 | Spider:1 | Noticed Azrael
 67308 | Spider:1 | Killed Azrael
 67981 | D:13     | Learned a level 9 spell: Shatter
 68143 | Orc:2    | Bought the ring "Mutaix" {Wiz Int+2} for 618 gold pieces
 68266 | Elf:1    | Bought a potion of haste for 140 gold pieces
 68266 | Elf:1    | Bought 2 potions of heal wounds for 140 gold pieces
 68266 | Elf:1    | Bought a potion of heal wounds for 70 gold pieces
 68266 | Elf:1    | Bought a potion of invisibility for 112 gold pieces
 68390 | Elf:2    | Killed Roxanne
 68786 | Elf:2    | Bought a twisted ring mail for 270 gold pieces
 68786 | Elf:2    | Identified the +1 ring mail of Wasted Space {MP+9 Dex+3}
                  | (You bought it in a shop on level 2 of the Elven Halls)
 69076 | D:4      | Bought a potion of magic for 80 gold pieces
 69233 | Orc:1    | Bought a scroll of enchant armour for 90 gold pieces
 69308 | D:13     | Acquired 791 gold pieces
 69392 | Vaults:2 | Bought a scroll of blinking for 112 gold pieces
 69495 | Vaults:5 | Entered Level 5 of the Vaults
 69496 | Vaults:5 | Noticed a dread lich
 69501 | Vaults:5 | Paralysed by a dread lich for 4 turns
 69507 | Vaults:5 | - aaah i forgot the tremor stone
 69508 | Vaults:5 | Killed a dread lich
 69509 | Vaults:5 | Reached XP level 25. HP: 95/204 MP: 43/43
 70077 | Vaults:5 | Identified the +5 hand axe of Todel {drain, Fly rF+ rC+}
 70378 | Vaults:5 | Noticed an ancient lich
 70388 | Vaults:5 | Killed an ancient lich
 71330 | Vaults:5 | Identified the +1 glaive of the Volcano {antimagic, Int+2}
 71330 | Vaults:5 | Identified the +7 hunting sling "Kuemi" {freeze, rN+ Will+
                  | Int+3}
 71347 | Vaults:5 | Identified the +0 chain mail of Emnukk {Regen+ Dex+3
                  | Stlth+}
 71360 | Vaults:5 | Identified the +5 rapier "Orb Guardian's Peril" {venom, rF+
                  | Int-4 Dex+3}
 71814 | Vaults:5 | Identified the +8 falchion of the Dungeon {freeze, rElec
                  | rF- Dex-3 SInv}
 71814 | Vaults:5 | Identified the ring of Mistrust {rN++ Str-4 Int+6 Dex+3}
 72409 | Vaults:5 | Noticed a dread lich
 72445 | Vaults:5 | Killed a dread lich
 72446 | Vaults:5 | Reached skill level 15 in Armour
 72486 | Vaults:5 | Got the Collected Works on Blistering Contamination
 72590 | Vaults:5 | Identified the ring of the Tick {rElec rC+ Str+6 Int-5
                  | SInv}
 72680 | Vaults:5 | Noticed a dread lich
 72692 | Vaults:5 | Killed a dread lich
 72693 | Vaults:5 | Reached XP level 26. HP: 70/211 MP: 32/43
 73196 | Vaults:5 | Identified the +9 mace of Dawn {vorpal, rPois rN+ Str+3}
 73197 | Vaults:5 | Reached skill level 10 in Dodging
 73208 | Vaults:5 | Reached skill level 10 in Maces & Flails
 73514 | Vaults:5 | Got the Reference Book on Poisonous Arcane Weapons
 74065 | Vaults:5 | Got a silver rune of Zot
 74341 | D:13     | Acquired 289 gold pieces
 75077 | Depths:1 | Entered Level 1 of the Depths
 75238 | Depths:1 | Found Impufea's Assorted Antiques.
 75240 | Depths:1 | Found Getuxt's Armour Boutique.
 75244 | Depths:1 | Found Nuasio's Armour Shop.
 75246 | Depths:1 | Noticed Nikola
 75261 | Depths:1 | Killed from afar by Nikola

Illustrated notes ##.#.##..#.##.#.##..#.......§## #.#.##.)#.##.#.##.....≈§....≈# .#.##.#..##.#.##.#.##.§§....≈# #.##.#.[##.#.##.#.###.≈.....§## .##.#..##.#.##.#.## #.......≈≈### #.##.#.#.#.##.#.## #........≈§≈≈ .#.##.#.#.##.#.## ##........... #.#.##.#.##.#.## ##..§≈...... ##.#.##)##.#.## ##.§≈...... ##.#.###.#.###### ##........ ###.#.#.#.##...@# #.......§ ##.##.#.#.######.# #.#...§≈§ ....##.#.## #.# #.###.... ####.##.## #.# #.###.#.# ##.### #.# #........ #.# #.# #####.### #.# #<# #####.### ##'## ##.## #........ ##...## ##...## #.###.### ##.....## #.....# #.###...# ##.......## #.....### #........ Turn 7512 on D:5: - finally an altar #.##..............# #..#.....>........### #####...............# .....#>)............### ≈≈≈§.#.).#########....### ≈≈..≈#÷#...# ###.<..####### ..≈.≈#.###.###### ##.#.......# _.≈.≈#..##......# #.#######.# ..≈.≈##.#######.## #..# #.### ≈≈..§##.# #..## ##.# #...# ≈≈≈≈.##.# ##@.# #.########.# .....##)# ##.## #.....# #.. #####.#†## #..#######.#####. # #....# ##.).# #....##. # ####.# ###.## ####.##. ## #.# #..# #.### .# #.# ##.### #.# .## #.# #...# #.# # .(#### #.# ###.# #.# # #....###.########### #.# #.### ####...............## #.# #...# Turn 8911 on D:6: - crazy altar shortage ... ##.##...#..####.##### #.##..#.##.........# #..##..##.†#.###### #.#.#.##.#..#.# #. #..# #†##.# ## #####.#####.####### ##### .. #...........###.PP####...## . #..e.O.....###....P##.###.## ##.#..###.....#.'..>.P#.## ##.# .#..#.####.......#P...P#.# #.# ..........######@##PPP##.## ##.# ...#.###.# ##.#######.###.### .###.# #.# ##.# ##....... #.###.### #.# ##..#### #.......# #.# #..#### #####.###.#.# ##'## #.....# ......# #.#.# ##...## ##.##.# ###9#####.#.# ##.....## #.##.# #>......#.###.......## ##.##.# ######......##.........####...... .........(...+.........'........# Turn 10171 on D:7: - wraith slime gargoyle pyromancer... what is this #.##..#.##.........# #..##..##.†#.###### #.#.#.##.#..#.# #. #..# #†##.# # #####.#####.####### ##### .. #.....C.....###.PP####...## . #..e.O.....###....P##.###.## ##.#..###.....#.'..>.P#.## ##.# #..#.####.......#P...P#.# #.# .........######.##PPP##.## ##.# ...#.###.# ##@#######.###.#### .###.# #.# ##.# ##........ #.###.### #.# ##..####. #.......# #.# #..####. ####§###.#O# ##'## #.....#. .....# #.#.# ##...## ##.##.#. ##.#####.#.# ##.....## #.##.#. #>....J.#.###......)## ##.##.#. #####......##.........####....... ........(...+)........'........## #####....####.........####...#.## Turn 11185 on D:7: - oh a cyclops .###.# #.# ##.# #.###.### #.# #.......# #.# #####.#####.###.#O# ##'## ............# #p#.# ##...## .....####.#####.#.# ##.....## .# #>......#.###......)# .#######......##......... ...........(...')........ .#######....####......... #@#.## ##.......# #.### ##.....## #.# ##...## #.# ##+## #.# #.#### #.# #.##.. #.# ########.##.# #.# #.)<[)#...#.# ####.####.###)......# #.........##......... #.##..........##.##.# Turn 13112 on D:7: - and a wizard is here... whatever vault this is kinda sucks *...# *** *#...## *,**** ##.....####**,,,** #..........,,,,,,* #..P.......*,,,,** ##.#........,,,,,** #...........,,,,,,, *#..........,,,,*,, #..........,,***,, ****** #.#......#.***,,,, ****,,*,*##@#.......#*,*,**, *,,,,,,,,#..........#,,,*,,, **...@....∩..........,,,,,,, *....#....###.#.#...,,,,,,, *#,,..#...P**####*..,,,,,,* ****...,#<..#* **.,,,,,** *****,,...,,....#**** *,,,,,,*^ ,**,,,,..,,......**,*****,**,,,*^ ,**,,,,.,,..##...,,,,,,,,,*,,,,,, ,,,,,,,,,,..*#.P.,,,,***,*****,,, ,,,,,,,,,,,*,*,,,,,,,,,,,,**,,,,, Turn 20379 on Lair:3: - you would be right by my portal ..## ..≈# ..## ..≈########## ..###.##....# ..##..##.##.# ..#......##.# ..#...##.##.####### .8#.©.##....#.#≈≈≈# ..#...##.##.#.#.≈≈# .∩#.©....##.)...@≈# ..#...##.##.#.#.≈≈# .8#.©.##....#.#≈≈≈# ..#...##.##.####### ..#......##.# ..##..##.##.# ..###.##....# ..≈########## ..## ..≈# ..## Turn 21142 on Gauntlet: - nothin but armour #).. #.)# #§.# #......... #§☼# #.........# #§§# #....⌠....# #..# #.........# #..# #.........# #.)###.........###. ### ####.................. ##.## #......).............. ####...# #.....@.............. ##.#...## #.....###.........# #.....### #.....# #.........# ##...##.######### #.........# .........# #.........# .........# #.))......# .........############.))).####### .)..................).))).)...#.. ....)..................).))...... #................).....))........ ........................))....... Turn 28460 on Orc:2: - hey i was just about to take starburst .################ ....ccc.@........ .......p......... .################ Turn 49487 on Vaults:4: - always when you think you really rollin now #...########### #.............# #.⌠.........⌠.# #.............# #############...# #...............# #####....########## #.# #....# # #.##....# #.#..##.#....# #......@....## #..#######..#### #.....#.....## #.#.#.#......# #... .####....# ...A .. #....# #._.. .# +...## .._.∩ .. +..## .#._.. .# +.## #.# #.# Turn 56352 on Elf:1: - that's a new one

............... ...........#...
.................................
................. ..............
................ ....##........ .
.............. . .. ......
................ .. ...#
................ ....
............###### ....
............# =|# ...
..........###[##[### §§§ ...
..........#...==@..# .§§§ ....
.#........#.#.##.#.# ... .....
..§..§.#.#.##.#.# .... .....
..§....#........#§..... ......
..§§§§§###.##.###....§. ......
.§§§§§.§.#8..8#....§.§§ ......
..§§§§.§.##..##......§§ ......
.§§§§........).....§.. ......
.§§..§§§.)............ ..#...
.§§..§§§.............. ......
§§§#..§§§.....##...... ......


Turn 57854 on Desolation: - NICE ..#..<......................
#.........#....#........... #...............#...........
#.........................# ..# ............#.............#..#.
....#.......................... .....#......#.....>............
#.....#................#.....G. #....###.......................
#........................ ##.##.....@.........#.... . #.##................## ...
##............#.## ...#.................## .. .................## .
............###..# ....##.##..#.. ...# ...# .. ....... ..# ... ##. ...#.... .
.... .##. Turn 64921 on Slime:4: - oh you shiners # ####.......^..♣♣..♣♣ #
#P............♣♣♣..♣♣♣ ♣ #.P..#.♣♣♣♣♣♣♣♣ ♣....♣ ♣P......♣♣ ♣♣...♣ ♣♣♣♣♣♣
♣♣♣♣♣♣...♣ ♣♣..♣ ♣....♣ ♣♣♣♣♣..♣♣ ♣♣... ....♣♣♣♣ ♣♣.....♣♣ ♣.... .....÷.♣♣
♣.......♣♣♣♣♣♣♣♣ ♣♣♣♣. .......÷♣ ♣♣...♣♣........♣♣♣ ♣♣
...♣♣♣÷.♣♣♣♣♣♣...♣♣♣♣.......♣ ♣ ♣♣♣♣♣♣...÷.♣ ♣..@♣♣♣...♣♣..♣♣ ♣
♣..._)..♣♣♣.♣♣♣♣...♣♣♣...♣♣♣ ♣ ♣♣♣......♣♣♣♣♣♣...♣♣ ♣.....♣♣♣ ♣♣♣
♣♣♣∩.♣♣♣♣♣♣....♣♣ ♣♣♣.....♣ ♣♣.♣♣♣♣♣♣♣♣♣♣♣....[.♣♣ ♣♣.....
♣.....♣♣♣♣♣♣)†..♣♣...♣♣♣ ♣♣♣♣♣. ..♣♣...♣♣......♣♣♣♣♣...♣♣♣♣♣♣♣♣..
♣♣♣♣♣♣.......♣♣♣ ♣♣♣♣......♣♣... ♣ ♣♣♣......♣♣ ♣.♣...........♣ ♣♣♣♣......♣♣♣
♣♣........♣.♣♣♣ .♣♣.....♣♣♣ ♣.♣♣♣.♣♣♣♣..♣ Turn 65134 on Lair:6: - hmmm #....# ..
#....# #.......# # #..#....# .# .###..#....# .#.# .Q[...#....#.#.#
......[...(..# ###.##.[[[.).)#### .......[[@<....... ......[[<[[<......
.......[[<<....... ........[[........ #####.........#### .1[2.........
..L1.#....#...# ......#....##.... ......#....# #... #.....#....# .. Turn 69507
on Vaults:5: - aaah i forgot the tremor stone

Levels and vault maps discovered:
D:1:      minmay_arrival_wavy_path, layout_rooms,
          ebering_ecumenical_altar_abandoned
D:2:      layout_basic, serial_co_window_serial, co_window_paths_b,
          co_window_paths_a, co_window_corner_a, co_window_corner_a,
          co_window_paths_a, co_window_corner_b, co_window_of_opportunity_b,
          co_window_of_opportunity_b, co_window_2corner, co_window_broadway_a,
          co_window_2corner, co_window_2corner, glass_columns_c,
          glass_columns_a, glass_columns_b, glass_columns_a, glass_columns_b,
          chequers_serial_rivers_micro_a, hangedman_abyss_or_decor_stabs
D:3:      layout_basic, serial_shops, nicolae_square_shop, wad_orctagon,
          uniq_ijyb
D:4:      layout_loops_ring, serial_shops, shop_statue, minmay_puff, uniq_edmund
D:5:      minmay_inner_zag, layout_loops_corners, ashenzari_altar_1,
          kennysheep_decorative_pillar, columned_hall_lemuel,
          mrwooster_statue_mirror, grunt_ministairs_2, corexii_corridor_pit,
          uniq_pikel
D:6:      layout_rooms, mainiacjoe_overflow_paths
D:7:      minmay_the_grid_plus [minmay_the_grid_mess, minmay_the_grid_tri_star,
          minmay_the_grid_all_tris, minmay_the_grid_eight,
          minmay_the_grid_prize_big_room], layout_loops_corners, tgw_sif,
          minmay_temple_entry_enclosed_plants, minmay_microvault,
          uniq_crazy_yiuf_cottage
D:8:      layout_cave_pools, gammafunk_temple_overflow_wave,
          lemuel_crystal_altar, serial_gnoll_camp, gnoll_camp_medium_02,
          gnoll_camp_mini_hut, gnoll_camp_mini_hut, gnoll_camp_mini_house,
          minmay_misc_feat_nine_boxes, minmay_holes
D:9:      layout_layer_cave, okawaru_metal_pillars_1_2, minmay_lair_entry_grove,
          amcnicky_mini_rare_corridor_liquid
D:10:     layout_loops_ring, uniq_fannar
D:11:     layout_rooms
D:12:     layout_roguey, david_orc_5, serial_rivers,
          chequers_serial_rivers_micro_c, chequers_serial_rivers_small_b,
          chequers_serial_rivers_micro_a, chequers_serial_rivers_small_b,
          blue_anna_alchemist
D:13:     layout_gridville, lightli_vaults_fourway_checkpoint, serial_shops,
          kennysheep_mini, minivault_11
D:14:     layout_long_grid, serial_shops, shop, hangedman_decor_clover_reticule,
          minivault_16
D:15:     grunt_enter_depths_hoard, layout_layer_cave, drop_trap
Temple:   nicolae_temple_no_exploring_needed
Lair:1:   layout_cave_pods, chequers_serial_rivers_micro_c, st_stairs_3,
          serial_bayou_pond_b, uniq_nergalle
Lair:2:   layout_cave_pods, fungi_pond_lemuel, grunt_megastairs_4
Lair:3:   layout_misc_corridors, elwin_shoals_entry_stream,
          spider_nest_entry_webs, gauntlet_entry_generic, uniq_gastronok,
          uniq_rupert
Lair:4:   layout_cave_pods
Lair:5:   layout_regular_city, dpeg_slime_entry_corner,
          chequers_serial_rivers_micro_b, grunt_forest_large_clearing_hut,
          uniq_kirke, uniq_sonja
Lair:6:   hellmonk_lair_end_abyssal_woods, layout_hall_layers
Shoals:1: layout_shoals, nicolae_shoals_c_island, uniq_aizul
Shoals:2: layout_shoals, portal_ice_cave_entry_pillars_four
Shoals:3: layout_shoals, regret_index_shoals_crete, uniq_donald
Shoals:4: shoals_end_simple, layout_shoals
Spider:1: layout_spider_delve, nicolae_spider_some_kinda_spiderbox, uniq_azrael
Spider:2: layout_spider_delve
Spider:3: layout_spider_delve, nzn_ghost_randoct, nicolae_spider_shape,
          uniq_bai_suzhen
Spider:4: grunt_spider_rune_parallel
Slime:1:  layout_caves
Slime:2:  layout_caves
Slime:3:  layout_caves, dissolution_awaits
Slime:4:  layout_caves
Slime:5
Orc:1:    layout_diamond_mine, serial_shops, nicolae_square_shop, shop,
          nicolae_shop_stone, uniq_erica, uniq_josephine
Orc:2:    st_orc_congregation, layout_caves, uniq_urug
Elf:1:    nicolae_elf_arrival_no_cutting_in_line, layout_rooms, enter_trove_5,
          ebering_ghost_reflecting_pool, portal_desolation_entry_holy_temple,
          minmay_elf_sorcery, nicolae_wooded_promenade, nicolae_take_the_stairs
Elf:2:    nicolae_elf_blades_crystal_corner, layout_geoelf_octagon,
          serial_shops, nicolae_shop_statue_plus, uniq_roxanne
Elf:3:    minmay_elf_hall_furrowed, layout_loops_cross, lemuel_flamethrower_3
Vaults:1: nicolae_vaults_ring_of_whatevers, vaults_room_corners,
          grunt_vaults_diagonal, ontoclasm_vaults_tryst, v_rooms_4, v_misc_1,
          nicolae_vaults_ring_of_whatevers, vaults_mumra_lcd,
          nicolae_vaults_little_squares_6, grunt_vaults_swirl, v_misc_5,
          ontoclasm_vaults_pinch, v_misc_26, nicolae_vaults_little_ls,
          layout_vaults_omnibox, serial_shops, nicolae_square_shop,
          shop_fountains, nicolae_square_shop, shop, shop
Vaults:2: vaults_dpeg_hooks, v_misc_1, vaults_mumra_hex, st_octagons_2,
          vaults_dpeg_spiral, nicolae_vaults_little_squares_5,
          vaults_room_fours, layout_vaults_chaotic_city, serial_shops, shop,
          shop, nicolae_shop_temple_entry_statues_fountains, uniq_margery
Vaults:3: nicolae_vaults_network_barrier, hangedman_vaults_variations,
          minmay_crypt_entry_simple_walls, nicolae_vaults_network_quincunx
          [nicolae_vaults_network_quincunx_subvault,
          nicolae_vaults_network_quincunx_subvault,
          nicolae_vaults_network_quincunx_subvault,
          nicolae_vaults_network_quincunx_subvault,
          nicolae_vaults_network_quincunx_subvault], ontoclasm_vaults_shout,
          vaults_dpeg_diagonal, v_misc_14, layout_vaults_maze_bifur,
          serial_shops, nicolae_shop_crystal
Vaults:4: v_misc_4, ontoclasm_vaults_ring_small, v_misc_11,
          vaults_room_fancy_cross, nicolae_vaults_circle_grid_b, v_misc_26,
          layout_vaults_quadrants, serial_shops, shop
Vaults:5: serial_shops
Depths:1: layout_small_grid, enter_ziggurat_c, hellmouth_2,
          kennysheep_vampire_church, minmay_shop_star, serial_bayou_shore_b,
          uniq_sojobo, uniq_nikola, uniq_mara

Skill      XL: |  1  2  3  4  5  6  7  8  9 10 11 12 13 14 15 16 17 18 19 20 21 22 23 24 25 26 |
---------------+-------------------------------------------------------------------------------+-----
Poison Magic   | 4 5 6 9 10 | 10.0
Conjurations   | 1 2 3 5 6 9 10 12 | 12.0
Air Magic      | 1 2 3 5 6 |  6.0
Spellcasting   | 3 4 6 8 9 11 12 13 15 16 | 16.0
Fighting       | 2 5 6 9 12 15 18 | 18.0
Armour         | 4 6 9 13 15 | 15.0
Dodging        | 6 9 11 | 11.6
Maces & Flails | 5 6 9 10 | 10.5
Stealth        | 3 4 |  4.0
Earth Magic    | 6 9 13 16 19 21 | 21.0
Ice Magic      | 6 9 11 17 20 21 | 21.0
Hexes          | 5 6 |  6.0
Evocations     | 5 6 7 9 12 | 12.0
Staves         | 6 9 10 | 10.6
Shields        | 6 |  6.0
Transmutations | 6 |  6.0
Summonings     | |  0.6

Action                   |  1- 3 |  4- 6 |  7- 9 | 10-12 | 13-15 | 16-18 | 19-21 | 22-24 | 25-27 || total
-------------------------+-------+-------+-------+-------+-------+-------+-------+-------+-------++-------
Melee: Dagger            |    24 |    35 |    11 |     6 |       |       |       |       |       ||    76
       Hand axe          |       |       |   140 |   203 |     8 |       |       |       |       ||   351
       Staff             |       |       |     2 |    54 |   184 |   444 |   496 |   534 |   210 ||  1924
       Whip              |       |       |       |    49 |       |       |       |       |       ||    49
Throw: Stone             |    27 |    12 |    26 |     7 |       |       |       |     1 |       ||    73
       Boomerang         |       |       |       |    28 |     7 |    21 |    10 |     2 |       ||    68
       Dart              |       |       |       |    13 |     4 |       |       |       |     4 ||    21
       Throwing net      |       |       |       |       |       |     1 |       |       |       ||     1
 Cast: Sting             |    46 |    28 |    44 |   162 |     5 |     1 |       |       |       ||   286
       Poisonous Vapours |     5 |    13 |    37 |    77 |    25 |    92 |     8 |       |     2 ||   259
       Mephitic Cloud    |       |     1 |     8 |    34 |    52 |    51 |    64 |    30 |    17 ||   257
       Olgreb's Toxic Ra |       |       |     1 |    29 |    60 |    94 |    79 |    27 |    32 ||   322
       Sandblast         |       |       |       |    78 |   195 |   180 |    91 |   137 |    26 ||   707
       Fulminant Prism   |       |       |       |     8 |    20 |       |       |       |       ||    28
       Freezing Cloud    |       |       |       |       |    51 |    42 |    38 |    23 |    13 ||   167
       Ignite Poison     |       |       |       |       |    29 |    59 |    58 |    11 |    16 ||   173
       Bolt of Magma     |       |       |       |       |    19 |   126 |   103 |   178 |    81 ||   507
       Hailstorm         |       |       |       |       |       |     2 |       |       |       ||     2
       Ozocubu's Refrige |       |       |       |       |       |       |    13 |    77 |       ||    90
       Polar Vortex      |       |       |       |       |       |       |       |     9 |     5 ||    14
       Shatter           |       |       |       |       |       |       |       |     1 |     5 ||     6
 Abil: Hop               |     1 |     2 |     5 |    15 |     7 |    11 |     9 |     8 |     6 ||    64
Evoke: Wand              |       |     6 |       |    23 |    13 |    35 |    25 |    13 |     7 ||   122
       Phantom mirror    |       |       |       |       |       |     1 |       |       |     1 ||     2
       Condenser vane    |       |       |       |       |       |     1 |     1 |       |       ||     2
  Use: Scroll            |     5 |     1 |     5 |     7 |    14 |    10 |     1 |     5 |     6 ||    54
       Potion            |       |       |       |     5 |     3 |     2 |     8 |     8 |     9 ||    35
 Stab: Sleeping          |     1 |     1 |     7 |       |       |     1 |     2 |       |       ||    12
       Confused          |       |       |     5 |    12 |    11 |    18 |    14 |     4 |     4 ||    68
       Distracted        |       |       |       |       |     2 |     4 |       |       |       ||     6
       Paralysed         |       |       |       |       |       |     3 |     4 |     4 |       ||    11
       Invisible         |       |       |       |       |       |       |       |       |     2 ||     2
Armor: Robe              |     5 |     7 |    12 |    42 |    59 |    95 |   129 |    39 |       ||   388
       Troll leather arm |       |       |       |       |       |       |       |   106 |       ||   106
       Ice dragon scales |       |       |       |       |       |       |       |     5 |   125 ||   130
Dodge: Dodged            |    19 |    31 |   143 |   453 |   348 |   477 |   462 |   393 |   117 ||  2443
Block: Other             |       |       |    25 |    33 |       |       |       |       |       ||    58
       Reflection        |       |       |     1 |     6 |       |    11 |    17 |    10 |    10 ||    55
       Buckler           |       |       |       |       |       |   167 |   285 |   270 |   115 ||   837
